 Dungeon Crawl Stone Soup version 0.27-a0-1051-g288ea87c7c (webtiles) character file.

Game seed: 9647426581749738332

9169 siradein the Soothsayer (level 11, -2/75 HPs)
             Began as a Demonspawn Fire Elementalist on Apr 19, 2021.
             Was a Priest of Nemelex Xobeh.
             Slain by a boulder beetle (46 damage)
             ... on level 11 of the Dungeon on Apr 21, 2021.
             The game lasted 01:58:21 (14623 turns).

siradein the Soothsayer (DsFE)                     Turns: 14623, Time: 01:58:21

Health: -2/75      AC: 11    Str:  8    XL:     11   Next: 19%
Magic:  7/23       EV: 13    Int: 20    God:    Nemelex Xobeh [***...]
Gold:   806        SH:  4    Dex: 22    Spells: 10/26 levels left

rFire    . . .     SeeInvis .   (no weapon)
rCold    . . .     Faith    .   K - +0 buckler
rNeg     . . .     Spirit   .   R - +0 steam dragon scales
rPois    +         Reflect  .   s - +0 helmet
rElec    .         Harm     .   u - +0 cloak {rPois}
rCorr    .         Rampage  .   (no gloves)
Will     .....                  (no boots)
Stlth    +++.......             m - amulet of magic regeneration
HPRegen  0.22/turn              j - +4 ring of protection
MPRegen  0.43/turn              C - +6 ring of dexterity

@: marked
A: hooves 1, thin skeletal structure 1, spiny 2
a: Renounce Religion, Draw Escape, Draw Destruction, Draw Summoning, Triple Draw


You were on level 11 of the Dungeon.
You worshipped Nemelex Xobeh.
Nemelex Xobeh was most pleased with you.
You visited 1 branch of the dungeon, and saw 11 of its levels.

You collected 806 gold pieces.

Inventory:

Hand Weapons
 D - a +0 shortbow
 O - the +6 flail of Duty {venom, rN+}
   (You took it off a kobold brigand on level 7 of the Dungeon)

   It poisons the flesh of those it strikes.
   It protects you from negative energy.
Missiles
 l - 43 poisoned darts
 y - 3 throwing nets
 E - 174 arrows
 H - 7 silver javelins
 M - a curare-tipped dart
Armour
 s - a +0 helmet (worn)
 u - a +0 cloak of poison resistance (worn)
 K - a +0 buckler (worn)
 R - +0 steam dragon scales (worn)
Jewellery
 j - a +4 ring of protection (left hand)
 m - an amulet of magic regeneration (around neck)
 o - an amulet of faith
 x - a ring of resist corrosion
 C - a +6 ring of dexterity (right hand)
 N - a +6 ring of dexterity
 S - an amulet of the acrobat
Wands
 q - a wand of flame (10)
 G - a wand of charming (13)
 I - a wand of mindburst (11)
Scrolls
 b - 6 scrolls of teleportation {unknown}
 c - 2 scrolls of enchant armour {unknown}
 d - 3 scrolls of fog {unknown}
 g - a scroll of torment {unknown}
 i - a scroll of immolation {unknown}
 n - 2 scrolls of amnesia {unknown}
 p - 2 scrolls of noise {unknown}
 r - a scroll of summoning {unknown}
 w - a scroll of silence {unknown}
 z - a scroll of vulnerability {unknown}
 B - a scroll of acquirement {unknown}
 F - 3 scrolls of blinking {unknown}
 J - 2 scrolls of fear {unknown}
 L - 2 scrolls of magic mapping {unknown}
Potions
 a - 2 potions of might
 e - 2 potions of mutation
 f - 5 potions of curing
 h - a potion of invisibility
 k - a potion of haste
 t - 2 potions of lignification
 A - 4 potions of heal wounds
 P - 2 potions of resistance
 Q - 2 potions of cancellation {unknown}


   Skills:
 + Level 3.1 Fighting
 + Level 3.2 Dodging
 - Level 1.7 Stealth
 + Level 8.3 Spellcasting
 + Level 8.9 Conjurations
 + Level 8.6 Fire Magic
 + Level 9.6 Invocations


You had 10 spell levels left.
You knew the following spells:

 Your Spells              Type           Power      Damage    Failure   Level
a - Foxfire               Conj/Fire      100%       2x1d9     1%          1
b - Conjure Flame         Conj/Fire      43%        6-21      1%          3
c - Inner Flame           Hex/Fire       25%        N/A       7%          3
d - Sticky Flame          Conj/Fire      43%        2d6       3%          4
e - Fireball              Conj/Fire      21%        3d10      11%         5

Your spell library contained the following spells:

 Spells                   Type           Power      Damage    Failure   Level
 Dazzling Flash           Conj/Hex       52%        N/A       7%          3
 Animate Skeleton         Necr           16%        N/A       14%         1
 Apportation              Tloc           16%        N/A       14%         1
 Corona                   Hex            8%         N/A       14%         1
 Summon Small Mammal      Summ           32%        N/A       14%         1
 Call Imp                 Summ           8%         N/A       21%         2
 Ensorcelled Hibernation  Hex/Ice        16%        N/A       21%         2
 Call Canine Familiar     Summ           8%         N/A       38%         3
 Confusing Touch          Hex            8%         N/A       38%         3
 Summon Guardian Golem    Hex/Summ       8%         N/A       38%         3
 Tukima's Dance           Hex            8%         N/A       38%         3
 Summon Ice Beast         Ice/Summ       8%         N/A       80%         4
 Summon Lightning Spire   Summ/Air       8%         N/A       80%         4


Dungeon Overview and Level Annotations

Branches:
Dungeon (11/15)            Temple (0/1) D:4            Lair (0/6) D:8
    Orc (0/2) D:9

Altars:
Ashenzari
Cheibriados
Hepliaklqana
Kikubaaqudgha
Makhleb
Nemelex Xobeh
Qazlal
Trog
Wu Jian
Xom

Shops:
D:6 (   D:10 ?

Annotations:
D:7 2 transporters, noodleboyJ's ghost, novice DrMo
D:8 2 transporters, Zeld's ghost, novice HOFi


Innate Abilities, Weirdness & Mutations

You have large cloven feet.
You have a somewhat thin skeletal structure. (Dex +2, Stealth+)
You are mostly covered in sharp spines.


Message History

The boulder beetle burns!
The boulder beetle bites you!
* * * LOW HITPOINT WARNING * * *
The boulder beetle burns!
The boulder beetle curls into a ball and begins rolling!
Okay, then.
Okay, then.
Unknown command.
Unknown command.
You feel much better.
The boulder beetle burns!
The boulder beetle burns!
The boulder beetle closely misses you.
The boulder beetle stops rolling and uncurls.
Casting: Sticky Flame (dangerous; 3% risk of failure)
Confirm with . or Enter, or press ? or * to list all spells.
You don't have enough magic to cast this spell.
The +6 flail of Duty {venom, rN+} stops dripping with poison.
You are now empty-handed.
The boulder beetle burns!
The boulder beetle stops burning.
The boulder beetle leaps!
A wyvern comes into view.
Casting: Sticky Flame (dangerous; 3% risk of failure)
Confirm with . or Enter, or press ? or * to list all spells.
You conjure some foxfire!
The wyvern hisses menacingly.
The foxfire hits the wyvern but does no damage.
The boulder beetle curls into a ball and begins rolling!
The foxfire hits the wyvern.
The wyvern is lightly wounded.
The wyvern sets off the alarm!
The alarm trap emits a blaring wail!
A sentinel's mark forms upon you.
You hear two shouts! x2; You hear a bellow! x5; You hear a howl!
You hear a shout!
A two-headed ogre comes into view. It is wielding two +0 giant clubs.
There is a stone staircase leading up here.
The wyvern is struck by your spines. The wyvern barely misses you.
The boulder beetle is struck by your spines.
The boulder beetle hits you!!!
Ouch! That really hurt!
You die...
Your body glows slightly and disappears.

#........#### ♣.♣.♣
#...........##### ♣ ♣
#######.........######
#.(.............
#####...............
#..................>.
#........°...........
#.........°.B........
#..........○l@.....O.
.....................
#######..........####
#......(...#
############


You could see a boulder beetle (rolling), a two-headed ogre and a wyvern.

Vanquished Creatures
  A gargoyle (D:9)
  An unseen horror (D:11)
  A troll (D:8)
  The ghost of Grognak the Cudgeller, an amateur DrBe of Trog (D:5)
  Grinder (D:3)
  A wyvern (D:8)
  A shadow (D:5)
  10 yaks
  3 vampires
  Menkaure (D:5)
  2 vampire mosquitoes (D:7)
  2 steam dragons
  Edmund (D:6)
  A water moccasin (D:7)
  Duvessa (D:4)
  4 orc warriors
  2 black bears (D:7)
  2 ogres
  3 necrophages (D:7)
  An ice beast (D:6)
  4 centaurs
  A phantom (D:7)
  Blork the orc (D:4)
  2 kobold brigands
  3 bullfrogs (D:7)
  A wyvern zombie (D:7)
  2 gnoll sergeants
  Dowan (D:4)
  2 scorpions
  A wyvern skeleton (D:7)
  18 killer bees
  3 howler monkeys (D:9)
  8 wights
  An electric eel (D:7)
  A lava snake (D:7)
  3 centaur zombies
  2 jellies
  An orc priest (D:10)
  2 centaur skeletons
  A gnoll shaman (D:7)
  Crazy Yiuf (D:2)
  A bullfrog zombie (D:6)
  3 hounds
  Terence (D:2)
  3 orc wizards
  3 iguanas (D:6)
  Ijyb (D:4)
  A scorpion zombie (D:5)
  2 killer bee zombies
  A hound skeleton (D:4)
  A mummy (D:7)
  A howler monkey zombie (D:7)
  14 gnolls
  4 adders
  A white imp (D:5)
  An ufetubus (D:6)
  An adder zombie (D:5)
  An adder skeleton (D:4)
  A worm (D:3)
  3 dart slugs
  18 orcs
  4 ball pythons
  5 endoplasms
  6 giant cockroaches
  5 goblins
  4 hobgoblins (D:1)
  12 jackals
  3 quokkas
  6 bats
  10 kobolds
  5 rats
221 creatures vanquished.

Vanquished Creatures (others)
  493 foxfires
  5 withered plants (D:7)
498 creatures vanquished.

Grand Total: 719 creatures vanquished

Notes
Turn   | Place    | Note
-------+----------+-------------------------------------------
     0 | D:1      | siradein the Demonspawn Fire Elementalist began the quest
                  | for the Orb.
     0 | D:1      | Reached XP level 1. HP: 13/13 MP: 3/3
   327 | D:1      | Found a faded altar of an unknown god.
   360 | D:1      | Gained mutation: You are partially covered in sharp spines.
                  | [demonic ancestry]
   360 | D:1      | Reached XP level 2. HP: 19/19 MP: 1/5
   788 | D:1      | Gained mutation: You are mostly covered in sharp spines.
                  | [demonic ancestry]
   788 | D:1      | Reached XP level 3. HP: 24/24 MP: 1/6
  1146 | D:1      | Learned a level 3 spell: Conjure Flame
  1737 | D:2      | Found a runed translucent door.
  1738 | D:2      | Noticed Crazy Yiuf
  1787 | D:2      | Reached XP level 4. HP: 30/30 MP: 4/8
  2229 | D:2      | Reached XP level 5. HP: 35/35 MP: 6/9
  2331 | D:2      | Noticed Terence
  2351 | D:2      | Killed Terence
  2663 | D:3      | Learned a level 3 spell: Inner Flame
  2802 | D:3      | Found a sparkling altar of Nemelex Xobeh.
  2850 | D:3      | Noticed Grinder
  2857 | D:3      | Killed Grinder
  2858 | D:3      | Reached XP level 6. HP: 41/41 MP: 4/12
  3003 | D:3      | You fall into a shaft and drop 1 floor!
  3049 | D:4      | Noticed Ijyb
  3096 | D:4      | Killed Ijyb
  3929 | D:2      | Killed Crazy Yiuf
  4128 | D:4      | Noticed Blork the orc
  4243 | D:4      | Noticed Duvessa
  4247 | D:4      | Killed Blork the orc
  4248 | D:4      | Reached XP level 7. HP: 46/46 MP: 7/13
  4259 | D:4      | Killed Duvessa
  4260 | D:4      | Reached skill level 5 in Fire Magic
  4295 | D:4      | Noticed Dowan
  4305 | D:4      | Killed Dowan
  4578 | D:3      | Became a worshipper of Nemelex Xobeh the Trickster
  4677 | D:4      | Found a staircase to the Ecumenical Temple.
  4702 | D:5      | Entered Level 5 of the Dungeon
  4759 | D:5      | Found a runed translucent door.
  4759 | D:5      | Noticed Grognak's ghost (amateur DrBe)
  4769 | D:5      | Learned a level 4 spell: Sticky Flame
  4948 | D:5      | Reached skill level 1 in Invocations
  5044 | D:5      | Reached skill level 5 in Conjurations
  5057 | D:5      | Reached skill level 2 in Invocations
  5065 | D:5      | Reached skill level 5 in Spellcasting
  5262 | D:5      | Noticed a shadow
  5276 | D:5      | Killed a shadow
  5277 | D:5      | Reached XP level 8. HP: 52/52 MP: 4/15
  5283 | D:5      | Learned a level 5 spell: Fireball
  5386 | D:5      | Noticed Menkaure
  5401 | D:5      | Killed Menkaure
  5402 | D:5      | Reached skill level 3 in Invocations
  5651 | D:5      | Reached * piety under Nemelex Xobeh
  5817 | D:6      | Noticed Edmund
  5831 | D:6      | Killed Edmund
  5992 | D:6      | Reached skill level 4 in Invocations
  7192 | D:6      | Found Yjaego's Antique Weapon Emporium.
  7320 | D:6      | Reached skill level 5 in Invocations
  7436 | D:6      | Reached XP level 9. HP: 57/57 MP: 14/18
  7961 | D:7      | Received a gift from Nemelex Xobeh
  8168 | D:7      | Reached skill level 6 in Invocations
  8700 | D:7      | Identified the +6 flail of Duty {venom, rN+}
  8860 | D:7      | Noticed a manticore
  9014 | D:7      | Found a transporter.
  9017 | D:7      | Noticed a moth of wrath
  9017 | D:7      | Noticed noodleboyJ's ghost (novice DrMo)
  9018 | D:7      | Found a bloodstained altar of Trog.
  9025 | D:7      | Found a transporter.
  9076 | D:7      | Reached skill level 7 in Invocations
  9237 | D:7      | Reached ** piety under Nemelex Xobeh
  9238 | D:7      | Found a stormy altar of Qazlal.
  9353 | D:7      | Gained mutation: You have large cloven feet. [demonic
                  | ancestry]
  9353 | D:7      | Reached XP level 10. HP: 59/63 MP: 13/20
  9553 | D:7      | Found a snail-covered altar of Cheibriados.
  9630 | D:7      | Found a burning altar of Makhleb.
  9632 | D:7      | Found an ornate altar of the Wu Jian Council.
  9633 | D:7      | Found a shimmering altar of Xom.
  9637 | D:7      | Found an ancient bone altar of Kikubaaqudgha.
  9856 | D:7      | Noticed a boulder beetle
 10104 | D:5      | Killed Grognak's ghost
 10105 | D:5      | Reached skill level 8 in Invocations
 10253 | D:8      | Found a transporter.
 10259 | D:8      | Found a transporter.
 10268 | D:8      | Upgraded the game from 0.27-a0-1046-g98bf31544f to
                  | 0.27-a0-1051-g288ea87c7c
 10492 | D:8      | Noticed Zeld's ghost (novice HOFi)
 10864 | D:8      | Found a staircase to the Lair.
 11100 | D:9      | Found a staircase to the Orcish Mines.
 11114 | D:8      | Reached skill level 1 in Fighting
 11533 | D:9      | Reached skill level 9 in Invocations
 12593 | D:10     | Entered Level 10 of the Dungeon
 12650 | D:10     | Reached *** piety under Nemelex Xobeh
 12673 | D:10     | Gained mutation: You have a somewhat thin skeletal
                  | structure. (Dex +2, Stealth+) [demonic ancestry]
 12673 | D:10     | Reached XP level 11. HP: 73/73 MP: 23/23
 12735 | D:10     | Found Hyisioss's Magic Scroll Emporium.
 12766 | D:10     | Found a broken altar of Ashenzari.
 13009 | D:10     | Received a gift from Nemelex Xobeh
 13051 | D:10     | Found a hazy altar of Hepliaklqana.
 13051 | D:10     | Noticed a skeletal warrior
 14387 | D:10     | Found a faded altar of an unknown god.
 14556 | D:11     | Noticed a boulder beetle
 14622 | D:11     | Noticed a two-headed ogre
 14623 | D:11     | Slain by a boulder beetle

Illustrated notes

Levels and vault maps discovered:
D:1:      dpeg_arrival_boxorama, layout_basic, serial_rivers,
          chequers_serial_rivers_room_b, chequers_serial_rivers_room_a,
          chequers_serial_rivers_micro_e, chequers_serial_rivers_micro_c,
          chequers_serial_rivers_small_a, chequers_serial_rivers_small_a,
          basic_ecumenical_altar
D:2:      layout_basic, hangedman_decor_diamond_cutter, uniq_crazy_yiuf_cottage,
          uniq_terence
D:3:      layout_basic, amcnicky_altar_gilded, uniq_grinder
D:4:      layout_loops_ring, minmay_temple_entry_fiery, uniq_blork_the_orc,
          uniq_duvessa, uniq_ijyb
D:5:      layout_basic, hellmonk_ghost_happy_afterlife, kennysheep_nondescript,
          uniq_menkaure
D:6:      layout_loops_ring, serial_shops, shop_statue, uniq_edmund
D:7:      nzn_winding_woodlands_medium [nzn_winding_woodlands_5x5_open_star,
          nzn_winding_woodlands_5x15_default, nzn_winding_woodlands_hourglass,
          nzn_winding_woodlands_5x5_closed_star,
          nzn_winding_woodlands_center_diamonds,
          nzn_winding_woodlands_5x5_perimeter, nzn_winding_woodlands_5x5_three,
          nzn_winding_woodlands_5x15_cabin, nzn_winding_woodlands_5x5_default],
          layout_basic, kennysheep_mini_moat, nicolae_qazlal_scattered_showers,
          minitemple, serial_undead, serial_undead_a, serial_undead_c,
          serial_undead_b, serial_undead_e, gammafunk_ghost_wrathful_warriors,
          nicolae_lava_and_water, st_stairs_7, hangedman_decor_clover_reticule,
          minmay_small_thing
D:8:      layout_rooms, dpeg_oklobed_lair, gammafunk_ghost_stat_death
D:9:      layout_basic, orc_david_3
D:10:     layout_rooms, beargit_hepliaklqana_dungeon_heroes,
          nicolae_ashenzari_skybound, serial_shops, shop
D:11:     kb_forest_paths, layout_irregular_city, serial_shops, shop,
          nicolae_twisting_strands, uniq_grum

Skill      XL: |  1  2  3  4  5  6  7  8  9 10 11 |
---------------+----------------------------------+-----
Fire Magic     | 3 4 5 6 7 8 |  8.6
Conjurations   | 2 3 4 5 6 7 8 |  8.9
Spellcasting   | 3 4 5 6 7 8 |  8.3
Invocations    | 2 5 7 9 |  9.6
Fighting       | 2 3 |  3.1
Dodging        | 2 3 |  3.2
Stealth        | |  1.7

Action                   |  1- 3 |  4- 6 |  7- 9 | 10-12 || total
-------------------------+-------+-------+-------+-------++-------
Melee: Short sword       |       |       |     2 |       ||     2
       Flail             |       |       |       |    15 ||    15
       Kick              |       |       |       |     8 ||     8
 Fire: Shortbow          |       |       |    43 |       ||    43
 Cast: Foxfire           |    59 |    73 |    86 |    91 ||   309
       Inner Flame       |       |     2 |    68 |    32 ||   102
       Conjure Flame     |       |     7 |    38 |    32 ||    77
       Sticky Flame      |       |       |     6 |    48 ||    54
       Fireball          |       |       |       |    11 ||    11
Invok: Draw Destruction  |       |       |     1 |       ||     1
  Use: Scroll            |       |     2 |     4 |     4 ||    10
       Potion            |       |       |       |     1 ||     1
Armor: Robe              |     7 |     6 |       |       ||    13
       Leather armour    |       |       |    11 |    22 ||    33
       Steam dragon scal |       |       |       |    12 ||    12
Dodge: Dodged            |    14 |    10 |    27 |    63 ||   114
Block: Buckler           |       |       |     1 |    31 ||    32

Table legend: (Time is in decaauts)
 A = Elapsed time spent in this place.
 B = Non-inter-level travel time spent in this place.
 C = Inter-level travel time spent in this place.
 D = Time resting spent in this place.
 E = Time spent auto-exploring this place.
 F = Levels seen in this place.
 G = Mean time per level.
                   A        B        C        D        E       F      G
               +--------+--------+--------+--------+--------+-----+--------+
         Total |  14674 |  13954 |    720 |   1836 |   9017 |  11 | 1334.0 |
       Dungeon |  14674 |  13954 |    720 |   1836 |   9017 |  11 | 1334.0 |
               +--------+--------+--------+--------+--------+-----+--------+

Top non-repeatable levels by time:
     D:9: 2179 daAuts
     D:7: 1855 daAuts
     D:5: 1665 daAuts
     D:1: 1572 daAuts
     D:6: 1509 daAuts
     D:2: 1284 daAuts
     D:8: 1229 daAuts
     D:4: 1225 daAuts
    D:10: 1020 daAuts
     D:3: 973 daAuts
    D:11: 157 daAuts
